 Dungeon Crawl Stone Soup version 0.30-a0-1161-g0704695555 (webtiles) character file.

Game seed: 12798907606200629936

721 cheesebisquit the Fighter (level 7, -3/70 HPs)
             Began as a Black Draconian Fire Elementalist on Apr 27, 2023.
             Was an Initiate of Vehumet.
             Slain by Duvessa
             ... wielding a +0 short sword
              (6 damage)
             ... on level 4 of the Dungeon.
             The game lasted 00:17:32 (5430 turns).

cheesebisquit the Fighter (DrFE)                    Turns: 5430, Time: 00:17:33

Health: -3/70      AC:  0    Str:  9 (10) XL:     7   Next: 42%
Magic:  1/10       EV: 14    Int: 18      God:    Vehumet [......]
Gold:   179        SH:  0    Dex: 11      Spells: 9/10 levels left

rFire   . . .        h - melded +1 whip (elec)
rCold   . . .        (shield currently unavailable)
rNeg    . . .        (body armour unavailable)
rPois   .            (helmet currently unavailable)
rElec   .            (cloak currently unavailable)
rCorr   .            (gloves currently unavailable)
SInv    .            (boots currently unavailable)
Will    .....        (no amulet)
Stlth   ++           e - melded +5 ring of evasion
HPRegen 0.31/turn    (ring currently unavailable)
MPRegen 0.12/turn

%: no passive effects
@: brilliant, about to teleport, pig-form, invisible, very quick
A: fast, no casting, (breathe lightning), AC +6, small, unfitting armour,
(electricity resistance), (cold-blooded)
a: Renounce Religion


You were on level 4 of the Dungeon.
You worshipped Vehumet.
Vehumet was noncommittal.
You were a filthy swine.
You visited 2 branches of the dungeon, and saw 5 of its levels.

You collected 179 gold pieces.

Inventory:

Hand Weapons
 h - a +1 whip of electrocution (melded)
 k - a +0 mace of holy wrath
Armour
 B - a +0 kite shield
Jewellery
 e - a +5 ring of evasion (melded)
Wands
 a - a wand of mindburst (4)
 l - a wand of polymorph (9)
 n - a wand of paralysis (8)
 r - a wand of flame (11)
Scrolls
 b - 2 scrolls of identify
 c - a scroll of blinking {unknown}
 g - 2 scrolls of teleportation
 i - a scroll of butterflies {unknown}
 m - a scroll of fear {unknown}
 p - a scroll of magic mapping {unknown}
 q - a scroll of noise {unknown}
 s - a scroll of enchant armour {unknown}
 u - 2 scrolls of vulnerability {unknown}
 y - 3 scrolls of enchant weapon {unknown}
 z - a scroll of fog {unknown}
Potions
 d - a potion of berserk rage
 f - 2 potions of degeneration
 t - a potion of might {unknown}
 v - a potion of heal wounds {unknown}
 w - a potion of curing {unknown}
 x - a potion of resistance {unknown}
 A - 2 potions of mutation {unknown}


   Skills:
 + Level 9.0 Fighting
 - Level 1.7 Dodging
 - Level 1.7 Stealth
 - Level 2.0 Spellcasting
 - Level 1.0 Conjurations
 - Level 3.0 Fire Magic


You had 9 spell levels left.
You knew the following spells:

 Your Spells              Type           Power      Damage    Failure   Level
a - Foxfire               Conj/Fire      52%        2x1d6     8%          1

Your spell library contained the following spells:

 Spells                   Type           Power      Damage    Failure   Level
 Scorch                   Fire           36%        2d7       8%          2
 Inner Flame              Hex/Fire       10%        N/A       28%         3
 Volatile Blastmotes      Fire/Tloc      20%        2d11      28%         3
 Portal Projectile        Hex/Tloc       4%         N/A       47%         3
 Tukima's Dance           Hex            2%         N/A       47%         3
 Flame Wave               Conj/Fire      13%        2d6       61%         4
 Anguish                  Hex/Necr       1%         N/A       87%         4
 Cause Fear               Hex            1%         N/A       87%         4
 Blade Hands              Tmut           1%         N/A       99%         5
 Enfeeble                 Hex            1%         N/A       100%        7


Dungeon Overview and Level Annotations

Branches:
Dungeon (4/15)             Temple (1/1) D:4

Altars:
Dithmenos
Elyvilon
Fedhas
Gozag
Hepliaklqana
Kikubaaqudgha
Makhleb
Okawaru
Qazlal
Ru
Sif Muna
Uskayaw
Vehumet
Wu Jian
Xom
Yredelemnul

Shops:
D:2 =   D:4 :

Annotations:
D:4 Dowan, Duvessa


Innate Abilities, Weirdness & Mutations

You are a filthy swine.
You move quickly.
Your equipment is almost entirely melded.
You are incapable of wielding weapons or throwing items.
You cannot cast spells.
((You can breathe wild blasts of lightning.))
((Your glossy black scales are hard. (AC +6)))
You cannot fit into any form of body armour.
((You are resistant to electric shocks. (rElec)))
((You are cold-blooded and may be slowed by cold attacks.))


Message History

Casting: Foxfire (safe; 8% risk of failure)
Press: ? - help, Q - select action, (/) - cycle Dir - look around, f - activate You feel a surge of power!
You conjure some foxfire!
Duvessa hits you with a +0 short sword.
You hit Duvessa.
Duvessa is moderately wounded.
The foxfire hits Duvessa but does no damage.
Duvessa is moderately wounded.
Duvessa hits you with a +0 short sword!
* * * LOW HITPOINT WARNING * * *
Duvessa hits you with a +0 short sword.
* * * LOW HITPOINT WARNING * * *
Dowan hits you with a +1 dagger of freezing.
* * * LOW HITPOINT WARNING * * *
You feel yourself slow down. Dowan freezes you.
* * * LOW HITPOINT WARNING * * *
Okay, then.
As you read the scroll labelled KOWICODINTU, it crumbles to dust.
It is a scroll of identify.
j - a potion of invisibility Duvessa completely misses you.
Duvessa gestures with her weapon.
Duvessa misses you. Dowan completely misses you.
As you read the scroll labelled EPEOWN ITSENI, it crumbles to dust.
You feel strangely unstable.
It was a scroll of teleportation.
You feel yourself speed up. Duvessa completely misses you.
Duvessa zaps a wand.
You resist with some effort. Dowan hits you but does no damage.
Duvessa shouts, "You can run, but you cannot escape us forever!"
Duvessa zaps a wand.
You turn into a filthy swine.
Your +1 whip of electrocution melds into your body.
Your +5 ring of evasion melds into your body.
Your +1 whip of electrocution stops crackling.
Dowan hits you with a +1 dagger of freezing.
* * * LOW HITPOINT WARNING * * *
Dowan freezes you.
* * * LOW HITPOINT WARNING * * *
You fade into invisibility!
Duvessa hits you with a +0 short sword.
You die...

...##.# #................>#
..8#..# #..รท..............#
...#.#####.....8..8..8..8..#
...........................#
############################
##############.#.# #
.................##.###.
###..................... #
#.............he..#.#
#################e..# ...
....... ### .....## ..$..#
.....+ # .....# # ###### #


You could see Duvessa (fast, unable to see you) and Dowan (unable to see you).

Vanquished Creatures
  Eustachio (D:4)
  An ogre (D:4)
  A centaur (D:4)
  2 hounds (D:4)
  Ijyb (D:4)
  Terence (D:3)
  An iguana (D:4)
  Natasha (thrice) (D:2)
  Robin (D:2)
  4 adders
  7 gnolls
  2 worms (D:2)
  A dart slug (D:3)
  An orc (D:3)
  7 bats
  An endoplasm (D:3)
  A giant cockroach (D:2)
  10 hobgoblins
  12 jackals
  4 quokkas
  7 ball pythons
  3 frilled lizards
  14 goblins
  8 kobolds
  7 rats
101 creatures vanquished.

Vanquished Creatures (others)
  357 foxfires
357 creatures vanquished.

Grand Total: 458 creatures vanquished

Notes
Turn   | Place    | Note
-------+----------+-------------------------------------------
     0 | D:1      | cheesebisquit the Draconian Fire Elementalist began the
                  | quest for the Orb.
     0 | D:1      | Reached XP level 1. HP: 14/14 MP: 3/3
    89 | D:1      | Reached skill level 1 in Fighting
   390 | D:1      | Reached XP level 2. HP: 24/24 MP: 3/5
   475 | D:1      | Reached skill level 2 in Fighting
   816 | D:1      | Reached skill level 3 in Fighting
   816 | D:1      | Reached XP level 3. HP: 31/31 MP: 4/6
  1229 | D:2      | Noticed Robin
  1234 | D:2      | Killed Robin
  1386 | D:2      | Reached skill level 4 in Fighting
  1506 | D:2      | Found a shimmering blue altar of Sif Muna.
  1567 | D:2      | Reached XP level 4. HP: 40/40 MP: 3/7
  1879 | D:2      | Found Bacoluwn's Jewellery Shoppe.
  1942 | D:2      | Noticed Natasha
  1947 | D:2      | Killed Natasha
  2003 | D:2      | Noticed Natasha
  2011 | D:2      | Killed Natasha
  2012 | D:2      | Reached skill level 5 in Fighting
  2067 | D:2      | Reached XP level 5. HP: 48/48 MP: 6/8
  2340 | D:2      | Noticed Natasha
  2355 | D:2      | Killed Natasha
  2630 | D:3      | Found a faded altar of an unknown god.
  2763 | D:3      | Noticed Terence
  2775 | D:3      | Killed Terence
  2776 | D:3      | Reached skill level 6 in Fighting
  3221 | D:3      | Reached XP level 6. HP: 18/58 MP: 3/9
  3670 | D:3      | Found a sacrificial altar of Ru.
  4091 | D:4      | Found an iron altar of Okawaru.
  4132 | D:4      | Reached skill level 7 in Fighting
  4229 | D:4      | Noticed Eustachio
  4314 | D:4      | Found Ykapp's Book Shop.
  4502 | D:4      | Noticed Ijyb
  4531 | D:4      | Killed Ijyb
  4927 | D:4      | Found a staircase to the Ecumenical Temple.
  4936 | Temple   | Entered the Ecumenical Temple
  5112 | D:4      | Killed Eustachio
  5113 | D:4      | Reached skill level 8 in Fighting
  5113 | D:4      | Your scales start taking on a glossy black colour.
  5113 | D:4      | Reached XP level 7. HP: 52/69 MP: 3/10
  5113 | D:4      | Gained mutation: You are resistant to electric shocks.
                  | (rElec) [Black Draconian growth]
  5151 | Temple   | Became a worshipper of Vehumet
  5407 | D:4      | Noticed Duvessa
  5411 | D:4      | Noticed Dowan
  5419 | D:4      | Reached skill level 9 in Fighting
  5429 | D:4      | HP: 3/70 [Dowan/+1 dagger of freezing (2)]
  5430 | D:4      | Slain by Duvessa

Illustrated notes

Levels and vault maps discovered:
D:1:      elethiomel_arrival_shortcut, layout_basic, dk_noncrumbling_2,
          minivault_24
D:2:      layout_loops_ring, basic_altar, serial_shops, shop, uniq_robin,
          uniq_natasha
D:3:      layout_loops_ring, nicolae_ru_path_of_blood,
          dreamdust_ecumenical_altar_statues, chequers_serial_rivers_small_3,
          kennysheep_flooded_box, uniq_terence
D:4:      layout_basic, okawaru_trees_1, nicolae_overflow_hidden_temple,
          temple_hall, serial_shops, nicolae_shop_statue_plus,
          nicolae_underground_beach, uniq_ijyb, uniq_duvessa, uniq_eustachio
Temple:   dshaligram_water_room_temple

Skill      XL: |  1  2  3  4  5  6  7 |
---------------+----------------------+-----
Fighting       | 1 3 4 5 6 8 9 |  9.0
Dodging        | |  1.7
Stealth        | |  1.7
Spellcasting   | |  2.0
Conjurations   | |  1.0
Fire Magic     | |  3.0

Action                     |  1- 3 |  4- 6 |  7- 9 || total
---------------------------+-------+-------+-------++-------
  Melee: Unarmed           |     7 |       |       ||     7
         Tailslap          |     7 |     7 |       ||    14
         Spear             |     6 |       |       ||     6
         Whip              |    15 |    69 |    10 ||    94
         Punch             |       |     3 |       ||     3
   Cast: Foxfire           |    50 |   148 |    12 ||   210
    Use: Potion            |       |     5 |     2 ||     7
         Scroll            |       |       |     2 ||     2
   Stab: Sleeping          |     1 |       |       ||     1
 Armour: Skin              |     7 |    29 |     6 ||    42
  Dodge: Dodged            |    32 |   131 |    25 ||   188

Table legend: (Time is in decaauts)
 A = Elapsed time spent in this place.
 B = Non-inter-level travel time spent in this place.
 C = Inter-level travel time spent in this place.
 D = Time resting spent in this place.
 E = Time spent auto-exploring this place.
 F = Levels seen in this place.
 G = Mean time per level.
                   A        B        C        D        E       F      G
               +--------+--------+--------+--------+--------+-----+--------+
         Total |   5472 |   4997 |    475 |      5 |   4168 |   5 | 1094.4 |
       Dungeon |   5320 |   4883 |    437 |      5 |   4068 |   4 | 1330.0 |
        Temple |    152 |    114 |     38 |      0 |    100 |   1 |  152.0 |
               +--------+--------+--------+--------+--------+-----+--------+

Top non-repeatable levels by time:
     D:2: 1581 daAuts
     D:3: 1361 daAuts
     D:1: 1193 daAuts
     D:4: 1184 daAuts
  Temple: 152 daAuts
